[Event "XXXIX Benasque Open 2019"]
[Site "Benasque"]
[Date "2019.07.06"]
[Round "3.9"]
[White "Jimenez Ruano, Adrian"]
[Black "Rasmussen, Allan Stig"]
[Result "1/2-1/2"]
[ECO "E52"]
[WhiteElo "2323"]
[BlackElo "2569"]
[Annotator "ChessBase"]
[PlyCount "122"]
[EventDate "2019.07.04"]
[EventType "swiss"]
[EventCountry "ESP"]
[SourceTitle "playchess.com"]
[Source "ChessBase"]
[SourceQuality "1"]
[TimeControl "5400+30"]

1. d4 Nf6 2. c4 e6 3. Nc3 Bb4 4. e3 O-O 5. Bd3 d5 6. Nf3 b6 7. O-O Ba6 8. cxd5 exd5 9. Bxa6 Nxa6 10. Qa4 Qc8 11. Bd2 Be7 12. Ne5 c5 13. f4 Bd6 14. Be1 Qb7 15. Bh4 cxd4 16. exd4 Ne4 17. Nxe4 dxe4 18. Nc4 Bb4 19. Qb5 Rfc8 20. Rac1 Bf8 21. a3 Nc7 22. Qe5 f6 23. Qh5 Qd5 24. Qg4 f5 25. Qh3 Qxd4+ 26. Bf2 Qf6 27. Ne3 Ne6 28. Rxc8 Rxc8 29. Nxf5 Re8 30. Bh4 Qxb2 31. Ne7+ Bxe7 32. Qxe6+ Kf8 33. Qf5+ Bf6 34. Qxh7 Qd4+ 35. Kh1 Bxh4 36. Qh8+ Kf7 37. Qh5+ g6 38. Qxh4 e3 39. Rc1 Re7 40. Qh7+ Qg7 41. Qxg7+ Kxg7 42. Kg1 Kf6 43. Kf1 Kf5 44. g3 Kg4 45. Kg2 Rd7 46. h3+ Kf5 47. Kf3 Rd3 48. g4+ Ke6 49. Re1 Rxa3 50. Rxe3+ Rxe3+ 51. Kxe3 a5 52. Kd4 b5 53. h4 a4 54. h5 gxh5 55. gxh5 a3 56. Kc3 b4+ 57. Kb3 Kf5 58. Ka2 Kf6 59. Kb3 Kf5 60. Ka2 Kf6 61. Kb3 Kf5 1/2-1/2

[Event "XXXIX Benasque Open 2019"]
[Site "Benasque"]
[Date "2019.07.06"]
[Round "3.10"]
[White "Forcen Esteban, Daniel"]
[Black "Mingarro Carceller, Sergi"]
[Result "0-1"]
[ECO "D39"]
[WhiteElo "2566"]
[BlackElo "2311"]
[Annotator "ChessBase"]
[PlyCount "42"]
[EventDate "2019.07.04"]
[EventType "swiss"]
[EventCountry "ESP"]
[SourceTitle "playchess.com"]
[Source "ChessBase"]
[SourceQuality "1"]
[TimeControl "5400+30"]

1. d4 Nf6 2. Nf3 d5 3. c4 e6 4. Nc3 Bb4 5. Bg5 dxc4 6. e4 c5 7. e5 cxd4 8. Qa4+ Nc6 9. O-O-O Bd7 10. Ne4 Be7 11. exf6 gxf6 12. Bh4 e5 13. Bxc4 a6 14. Bd3 Be6 15. Kd2 b5 16. Bxb5 axb5 17. Qxb5 O-O 18. Bxf6 Bxf6 19. Qxc6 Bg7 20. Nfg5 Bd5 21. Qd6 f6 0-1

[Event "XXXIX Benasque Open 2019"]
[Site "Benasque"]
[Date "2019.07.07"]
[Round "4.2"]
[White "Ter-Sahakyan, Samvel"]
[Black "Enchev, Ivajlo"]
[Result "1/2-1/2"]
[ECO "C92"]
[WhiteElo "2625"]
[BlackElo "2487"]
[Annotator "RC"]
[PlyCount "86"]
[EventDate "2019.07.04"]
[EventType "swiss"]
[EventCountry "ESP"]
[SourceTitle "playchess.com"]
[Source "ChessBase"]
[SourceQuality "1"]
[TimeControl "5400+30"]

1. e4 e5 2. Nf3 Nc6 3. Bb5 a6 4. Ba4 Nf6 5. O-O Be7 6. Re1 b5 7. Bb3 d6 8. c3 O-O 9. h3 Bb7 10. d4 Re8 11. Nbd2 Bf8 12. Bc2 h6 13. d5 Ne7 14. b3 c6 15. c4 cxd5 16. cxd5 Nd7 17. Nf1 f5 18. exf5 Nxd5 19. Bd2 Rc8 20. Ng3 N7f6 21. Nh2 Nc3 22. Bxc3 Rxc3 23. Ne4 Bxe4 24. Bxe4 d5 25. Bf3 e4 26. Bh5 Re5 27. Bg6 Bc5 28. Ng4 Nxg4 29. Qxg4 Qf6 30. Rad1 Rc2 31. Kh1 Bxf2 32. Rc1 Rc6 33. Rxc6 Qxc6 34. Qf4 Bxe1 35. Qxe5 Bb4 36. Be8 Qd6 37. Qxd6 Bxd6 38. Bc6 e3 39. Bxd5+ Kf8 40. Bf3 Ke7 41. Kg1 Kf6 42. Kf1 Kxf5 43. a4 Ke5 1/2-1/2

[Event "XXXIX Benasque Open 2019"]
[Site "Benasque"]
[Date "2019.07.07"]
[Round "4.3"]
[White "Indjic, Aleksandar"]
[Black "Pulvett Marin, Daniel Eduardo"]
[Result "1-0"]
[ECO "E71"]
[WhiteElo "2604"]
[BlackElo "2474"]
[Annotator "RC"]
[PlyCount "97"]
[EventDate "2019.07.04"]
[EventType "swiss"]
[EventCountry "ESP"]
[SourceTitle "playchess.com"]
[Source "ChessBase"]
[SourceQuality "1"]
[TimeControl "5400+30"]

1. d4 Nf6 2. c4 g6 3. Nc3 Bg7 4. e4 d6 5. h3 O-O 6. Be3 Na6 7. Nf3 e5 8. d5 Nh5 9. a3 f5 10. Qc2 Nc5 11. Nd2 a5 12. O-O-O Bd7 13. Rg1 a4 14. Bxc5 dxc5 15. Bd3 Nf4 16. Kb1 Ra6 17. Ka2 Qe8 18. Bf1 Nh5 19. g3 Nf6 20. Bd3 Kh8 21. Rde1 Rb6 22. f3 f4 23. g4 Qe7 24. Nxa4 Ra6 25. Nc3 Ne8 26. Nb3 Bf6 27. g5 Bxg5 28. Nxc5 Qxc5 29. Rxg5 Nd6 30. h4 Rfa8 31. Nb1 Nf7 32. Rg2 Rg8 33. Qc3 Qe7 34. c5 Rf6 35. Nd2 g5 36. hxg5 Rxg5 37. Rxg5 Nxg5 38. Rh1 Nf7 39. Qa5 b6 40. Qa8+ Kg7 41. cxb6 Rxb6 42. Rc1 Be8 43. Qa7 Rg6 44. Rxc7 Qh4 45. Bb5 Bxb5 46. Rxf7+ Kg8 47. Rb7 Be8 48. Qb8 Kf8 49. Qxe5 1-0

[Event "XXXIX Benasque Open 2019"]
[Site "Benasque"]
[Date "2019.07.07"]
[Round "4.4"]
[White "Bartel, Mateusz"]
[Black "Campora, Daniel H."]
[Result "1/2-1/2"]
[ECO "C45"]
[WhiteElo "2600"]
[BlackElo "2420"]
[Annotator "RC"]
[PlyCount "79"]
[EventDate "2019.07.04"]
[EventType "swiss"]
[EventCountry "ESP"]
[SourceTitle "playchess.com"]
[Source "ChessBase"]
[SourceQuality "1"]
[TimeControl "5400+30"]

1. e4 e5 2. Nf3 Nc6 3. d4 exd4 4. Nxd4 Bc5 5. Nb3 Bb6 6. Nc3 Nf6 7. Qf3 d6 8. Bg5 Ne5 9. Qe2 h6 10. Bxf6 Qxf6 11. Nd5 Qh4 12. g3 Qd8 13. Bg2 O-O 14. O-O-O c6 15. Ne3 Re8 16. Rhe1 Qf6 17. f4 Bxe3+ 18. Qxe3 Nc4 19. Qd4 Qxd4 20. Nxd4 Bg4 21. Rd3 d5 22. e5 Rad8 23. h3 Bc8 24. b3 Nb6 25. g4 g6 26. a4 a5 27. Rde3 Na8 28. f5 Nc7 29. Rf3 Re7 30. Rf2 Rde8 31. Rfe2 Rd8 32. Kb2 c5 33. f6 Ree8 34. Nb5 Nxb5 35. axb5 b6 36. c3 Be6 37. Rd2 Rd7 38. Bf3 Red8 39. Ra1 d4 40. c4 1/2-1/2

[Event "XXXIX Benasque Open 2019"]
[Site "Benasque"]
[Date "2019.07.07"]
[Round "4.5"]
[White "Alvarado Diaz, Alejandro"]
[Black "Markus, Robert"]
[Result "1/2-1/2"]
[ECO "A05"]
[WhiteElo "2391"]
[BlackElo "2595"]
[Annotator "ChessBase"]
[PlyCount "54"]
[EventDate "2019.07.04"]
[EventType "swiss"]
[EventCountry "ESP"]
[SourceTitle "playchess.com"]
[Source "ChessBase"]
[SourceQuality "1"]
[TimeControl "5400+30"]

1. Nf3 Nf6 2. d4 d6 3. g3 g6 4. b3 c5 5. e3 Bg7 6. Bg2 O-O 7. O-O Nc6 8. Bb2 cxd4 9. exd4 d5 10. Ne5 Bf5 11. Nxc6 bxc6 12. Nd2 Rc8 13. Re1 Bg4 14. Qc1 Qd7 15. Nf3 Bxf3 16. Bxf3 e6 17. Be2 Qb7 18. Bd3 Nd7 19. c4 dxc4 20. Bxc4 Rfd8 21. Qc2 Nb6 22. Red1 c5 23. dxc5 Bxb2 24. Rxd8+ Rxd8 25. Qxb2 Nxc4 26. Qf6 Qd7 27. bxc4 Rc8 1/2-1/2

[Event "XXXIX Benasque Open 2019"]
[Site "Benasque"]
[Date "2019.07.07"]
[Round "4.6"]
[White "Cruz, Cristhian"]
[Black "Gines Esteo, Pedro Antonio"]
[Result "1/2-1/2"]
[ECO "B13"]
[WhiteElo "2562"]
[BlackElo "2404"]
[Annotator "ChessBase"]
[PlyCount "59"]
[EventDate "2019.07.04"]
[EventType "swiss"]
[EventCountry "ESP"]
[SourceTitle "playchess.com"]
[Source "ChessBase"]
[SourceQuality "1"]
[TimeControl "5400+30"]

1. e4 c6 2. d4 d5 3. exd5 cxd5 4. c4 Nf6 5. Nc3 Nc6 6. Bg5 Be6 7. Rc1 Qa5 8. c5 Ne4 9. Bd2 Nxd2 10. Qxd2 g6 11. Bb5 h5 12. f4 Bg7 13. Nf3 O-O 14. O-O Qc7 15. Rfe1 Rad8 16. Rxe6 fxe6 17. g3 e5 18. dxe5 Nxe5 19. Nxe5 Qxc5+ 20. Kh1 Bxe5 21. fxe5 d4 22. Qh6 dxc3 23. Qxg6+ Kh8 24. Qxh5+ Kg7 25. Qg4+ Kh8 26. Qh4+ Kg7 27. Qg5+ Kh7 28. Qh5+ Kg7 29. Qg5+ Kh7 30. Qh5+ 1/2-1/2

[Event "XXXIX Benasque Open 2019"]
[Site "Benasque"]
[Date "2019.07.07"]
[Round "4.7"]
[White "Lopez Mulet, Inigo"]
[Black "Vazquez Igarza, Renier"]
[Result "1/2-1/2"]
[ECO "E00"]
[WhiteElo "2378"]
[BlackElo "2558"]
[Annotator "ChessBase"]
[PlyCount "57"]
[EventDate "2019.07.04"]
[EventType "swiss"]
[EventCountry "ESP"]
[SourceTitle "playchess.com"]
[Source "ChessBase"]
[SourceQuality "1"]
[TimeControl "5400+30"]

1. d4 e6 2. c4 Bb4+ 3. Bd2 a5 4. g3 Nf6 5. Bg2 d6 6. e4 e5 7. Ne2 O-O 8. O-O Re8 9. Re1 Nbd7 10. a3 Bxd2 11. Nxd2 a4 12. Qc2 exd4 13. Nxd4 Nc5 14. h3 Bd7 15. f4 c6 16. Kh2 h6 17. Re2 Qb6 18. Rae1 Re7 19. Qc3 Rae8 20. Re3 h5 21. Bf3 Qc7 22. e5 dxe5 23. fxe5 h4 24. exf6 Qxg3+ 25. Kh1 Qxh3+ 26. Kg1 Qg3+ 27. Kh1 Qh3+ 28. Kg1 Qg3+ 29. Kh1 1/2-1/2

[Event "XXXIX Benasque Open 2019"]
[Site "Benasque"]
[Date "2019.07.07"]
[Round "4.8"]
[White "Kharitonov, Alexandr"]
[Black "Roeder, Matthias"]
[Result "1-0"]
[ECO "D35"]
[WhiteElo "2540"]
[BlackElo "2380"]
[Annotator "ChessBase"]
[PlyCount "103"]
[EventDate "2019.07.04"]
[EventType "swiss"]
[EventCountry "ESP"]
[SourceTitle "playchess.com"]
[Source "ChessBase"]
[SourceQuality "1"]
[TimeControl "5400+30"]

1. d4 d5 2. c4 e6 3. Nc3 Nf6 4. cxd5 exd5 5. Bg5 Be7 6. e3 O-O 7. Bd3 Nbd7 8. Nf3 Re8 9. Qc2 Nf8 10. h3 c6 11. Bf4 Ng6 12. Bh2 Bd6 13. Bxd6 Qxd6 14. O-O-O Bd7 15. g4 Qe7 16. Nd2 Rac8 17. g5 Ne4 18. Ndxe4 dxe4 19. Bxe4 b5 20. Bf5 Bxf5 21. Qxf5 a6 22. Kb1 Nf8 23. h4 Nd7 24. h5 Nb6 25. h6 g6 26. Qc5 Qb7 27. d5 cxd5 28. Qd4 f6 29. gxf6 Kf7 30. Nxd5 Nxd5 31. Qxd5+ Qxd5 32. Rxd5 Kxf6 33. Rd7 Re7 34. Rhd1 Rc7 35. R7d6+ Kg5 36. Rh1 Red7 37. Rxa6 Rd2 38. f4+ Kg4 39. Rb6 Kf3 40. Rxb5 Kxe3 41. Rb4 Rf2 42. Rh3+ Kd2 43. a4 Rf7 44. a5 R2xf4 45. Rxf4 Rxf4 46. a6 g5 47. a7 Rf1+ 48. Ka2 Rf8 49. Ra3 Ra8 50. b4 g4 51. b5 g3 52. b6 1-0

[Event "XXXIX Benasque Open 2019"]
[Site "Benasque"]
[Date "2019.07.07"]
[Round "4.9"]
[White "Gorbatov, Alexej"]
[Black "Rychagov, Andrey"]
[Result "0-1"]
[ECO "B44"]
[WhiteElo "2374"]
[BlackElo "2537"]
[Annotator "ChessBase"]
[PlyCount "68"]
[EventDate "2019.07.04"]
[EventType "swiss"]
[EventCountry "ESP"]
[SourceTitle "playchess.com"]
[Source "ChessBase"]
[SourceQuality "1"]
[TimeControl "5400+30"]

1. e4 c5 2. Nf3 e6 3. d4 cxd4 4. Nxd4 Nc6 5. Nb5 d6 6. c4 Nf6 7. N1c3 a6 8. Na3 Be7 9. Be2 O-O 10. O-O b6 11. Be3 Bb7 12. f3 Qc7 13. Rc1 Ne5 14. b4 Rac8 15. Qb3 Rfe8 16. Rfd1 Ng6 17. Na4 Nd7 18. Rc2 Qb8 19. Rcd2 d5 20. cxd5 exd5 21. g3 b5 22. Nc3 Nf6 23. Nxd5 Bxd5 24. exd5 Bxb4 25. Qxb4 Rxe3 26. d6 Rce8 27. Kf1 Qc8 28. Kf2 Qh3 29. Bf1 Qxh2+ 30. Bg2 h5 31. Nc2 R3e5 32. Kf1 Qxg3 33. d7 Nxd7 34. Rxd7 Re2 0-1

[Event "XXXIX Benasque Open 2019"]
[Site "Benasque"]
[Date "2019.07.07"]
[Round "4.10"]
[White "Mingarro Carceller, Sergi"]
[Black "Dimitrov, Radoslav"]
[Result "1/2-1/2"]
[ECO "B12"]
[WhiteElo "2311"]
[BlackElo "2530"]
[Annotator "ChessBase"]
[PlyCount "130"]
[EventDate "2019.07.04"]
[EventType "swiss"]
[EventCountry "ESP"]
[SourceTitle "playchess.com"]
[Source "ChessBase"]
[SourceQuality "1"]
[TimeControl "5400+30"]

1. e4 c6 2. d4 d5 3. e5 Bf5 4. h4 h6 5. g4 Bd7 6. Nc3 Qc8 7. Bh3 e6 8. Be3 c5 9. dxc5 Bxc5 10. Qd2 Bb4 11. Nge2 Nc6 12. f4 h5 13. gxh5 Na5 14. O-O-O Nc4 15. Qd3 Rxh5 16. Bd4 Qc7 17. f5 O-O-O 18. Nf4 Bxc3 19. Nxh5 Bxd4 20. Qxd4 Ne7 21. Nxg7 exf5 22. Rhf1 Nc6 23. Qc3 N4xe5 24. Nxf5 Be6 25. Nd4 Nxd4 26. Rxd4 Qxc3 27. Bxe6+ fxe6 28. bxc3 Rh8 29. Rdf4 Kd7 30. Rg1 Kd6 31. Rg7 b6 32. Rxa7 Ng6 33. Rb4 Nxh4 34. Rxb6+ Ke5 35. Re7 Rh6 36. a4 Nf5 37. Rc7 Nd6 38. Kb1 Nc4 39. Rb4 Rh1+ 40. Ka2 Rc1 41. Rbxc4 dxc4 42. Rxc4 Kd5 43. Rc8 e5 44. a5 Rh1 45. Kb3 Rb1+ 46. Ka4 e4 47. Re8 Ra1+ 48. Kb5 Rb1+ 49. Ka6 Rb2 50. c4+ Kd4 51. c3+ Kd3 52. c5 Rb3 53. c6 Rxc3 54. Kb7 Rb3+ 55. Ka7 Rc3 56. Rd8+ Kc2 57. Kb7 Rb3+ 58. Kc8 Ra3 59. Rd5 e3 60. c7 e2 61. Re5 Kd2 62. Kb7 Rb3+ 63. Ka7 Rc3 64. Kb7 Rb3+ 65. Ka7 Rc3 1/2-1/2

[Event "XXXIX Benasque Open 2019"]
[Site "Benasque"]
[Date "2019.07.08"]
[Round "5.1"]
[White "Rychagov, Andrey"]
[Black "Indjic, Aleksandar"]
[Result "0-1"]
[ECO "A61"]
[WhiteElo "2537"]
[BlackElo "2604"]
[Annotator "RC"]
[PlyCount "126"]
[EventDate "2019.07.04"]
[EventType "swiss"]
[EventCountry "ESP"]
[SourceTitle "playchess.com"]
[Source "ChessBase"]
[SourceQuality "1"]
[TimeControl "5400+30"]

1. d4 Nf6 2. c4 e6 3. Nf3 c5 4. d5 d6 5. Nc3 exd5 6. cxd5 g6 7. h3 a6 8. a4 Qe7 9. Bf4 Nbd7 10. e3 Bg7 11. Bd3 O-O 12. O-O Rb8 13. e4 Ne8 14. Qd2 Nc7 15. Rfe1 f6 16. Rab1 a5 17. Qc2 Ne5 18. Nd2 Na6 19. Na2 Bd7 20. Bb5 Nb4 21. Nxb4 axb4 22. Bxd7 Qxd7 23. Bxe5 fxe5 24. Nc4 Rf6 25. b3 Rbf8 26. Re2 h5 27. Rd1 Bh6 28. Rd3 Bg5 29. Qd1 Kh7 30. Ra2 Bh4 31. g3 Bg5 32. h4 Bh6 33. Kg2 Qf7 34. Qe2 g5 35. hxg5 Bxg5 36. Ne3 Bxe3 37. Rxe3 Qg6 38. Qd1 Rf4 39. Rae2 h4 40. Qh1 Kg7 41. Qh3 Rg4 42. Re1 Rff4 43. Kg1 Kf7 44. Qg2 Ke7 45. R1e2 Kd8 46. Re1 Kc7 47. R1e2 Kb6 48. Re1 Kc7 49. R1e2 Rf8 50. Rd2 Qg5 51. Rde2 Rg8 52. Kh2 Qh5 53. Kg1 Kb6 54. Re1 Qg5 55. Kh2 Ka7 56. Qf3 Rh8 57. Kg2 Rf4 58. Qd1 hxg3 59. fxg3 Rfh4 60. Qf3 Rh2+ 61. Kg1 Qh6 62. R3e2 Rh1+ 63. Kf2 Rf8 0-1

[Event "XXXIX Benasque Open 2019"]
[Site "Benasque"]
[Date "2019.07.08"]
[Round "5.2"]
[White "Admiraal, Miguoel"]
[Black "Kharitonov, Alexandr"]
[Result "1/2-1/2"]
[ECO "B12"]
[WhiteElo "2504"]
[BlackElo "2540"]
[Annotator "ChessBase"]
[PlyCount "20"]
[EventDate "2019.07.04"]
[EventType "swiss"]
[EventCountry "ESP"]
[SourceTitle "playchess.com"]
[Source "ChessBase"]
[SourceQuality "1"]
[TimeControl "5400+30"]

1. e4 c6 2. d4 d5 3. e5 Bf5 4. Nf3 e6 5. Be2 Nd7 6. O-O Bg6 7. c3 Nh6 8. Bxh6 gxh6 9. Re1 Bg7 10. Na3 O-O 1/2-1/2

[Event "XXXIX Benasque Open 2019"]
[Site "Benasque"]
[Date "2019.07.08"]
[Round "5.5"]
[White "Raja Harshit"]
[Black "Banusz, Tamas"]
[Result "1/2-1/2"]
[ECO "B01"]
[WhiteElo "2434"]
[BlackElo "2626"]
[Annotator "RC"]
[PlyCount "129"]
[EventDate "2019.07.04"]
[EventType "swiss"]
[EventCountry "ESP"]
[SourceTitle "playchess.com"]
[Source "ChessBase"]
[SourceQuality "1"]
[TimeControl "5400+30"]

1. e4 d5 2. exd5 Qxd5 3. Nc3 Qd8 4. d4 Nf6 5. Nf3 g6 6. Bc4 Bg7 7. O-O O-O 8. h3 a6 9. a4 Nc6 10. Re1 b6 11. Bf4 Bb7 12. Qd2 e6 13. Rad1 Ne7 14. Ne5 Nfd5 15. Nxd5 Nxd5 16. Bh6 Re8 17. Bxg7 Kxg7 18. Ng4 h5 19. Qh6+ Kg8 20. Ne3 Qf6 21. Nxd5 exd5 22. Bd3 c5 23. c3 Bc6 24. Bc2 a5 25. Qd2 Kg7 26. Bb3 c4 27. Bc2 b5 28. axb5 Bxb5 29. Re5 Rxe5 30. dxe5 Qxe5 31. Qxd5 Qxd5 32. Rxd5 Be8 33. Rc5 Rb8 34. Rxc4 Rxb2 35. Ba4 Rb1+ 36. Kh2 Bxa4 37. Rxa4 Rb5 38. Kg3 Kf6 39. Kf4 Ke6 40. Ke4 Kd6 41. c4 Re5+ 42. Kd4 Rf5 43. Ra2 h4 44. Ke4 Rc5 45. Kd4 Rg5 46. f4 Rf5 47. Ke4 Kc6 48. Kf3 Kb6 49. Kg4 Rh5 50. f5 Rxf5 51. Kxh4 Rf4+ 52. g4 Rxc4 53. Kg5 a4 54. Kf6 Kb5 55. Kxf7 g5 56. Kg6 Rc5 57. Kh5 Kb4 58. h4 gxh4+ 59. Kxh4 Kb3 60. Ra1 a3 61. g5 Kb2 62. Rxa3 Kxa3 63. g6 Rc6 64. Kg5 Rxg6+ 65. Kxg6 1/2-1/2

[Event "XXXIX Benasque Open 2019"]
[Site "Benasque"]
[Date "2019.07.08"]
[Round "5.6"]
[White "Campora, Daniel H."]
[Black "Ter-Sahakyan, Samvel"]
[Result "0-1"]
[ECO "B51"]
[WhiteElo "2420"]
[BlackElo "2625"]
[Annotator "RC"]
[PlyCount "76"]
[EventDate "2019.07.04"]
[EventType "swiss"]
[EventCountry "ESP"]
[SourceTitle "playchess.com"]
[Source "ChessBase"]
[SourceQuality "1"]
[TimeControl "5400+30"]

1. e4 c5 2. Nf3 d6 3. Bb5+ Nd7 4. O-O a6 5. Bd3 Ngf6 6. Re1 e6 7. c3 b5 8. Bc2 c4 9. d4 cxd3 10. Qxd3 Bb7 11. Nbd2 Be7 12. Nb3 O-O 13. a4 bxa4 14. Rxa4 e5 15. Bg5 Rb8 16. Nfd2 Qc7 17. Raa1 Rfc8 18. Qe2 h6 19. Bxf6 Nxf6 20. Bd3 d5 21. exd5 Bxd5 22. Bxa6 Bxb3 23. Nxb3 Rxb3 24. Bxc8 Qxc8 25. Qxe5 Bf8 26. Qe2 Qb7 27. Ra2 h5 28. h3 h4 29. Rd1 Rb5 30. Rd3 g6 31. b4 Kg7 32. Qe3 Rb6 33. Qf4 Re6 34. Re3 Bd6 35. Qd4 Rxe3 36. Qxe3 Bb8 37. Kf1 Qd5 38. Rd2 Qc4+ 0-1

[Event "XXXIX Benasque Open 2019"]
[Site "Benasque"]
[Date "2019.07.08"]
[Round "5.7"]
[White "Deac, Bogdan-Daniel"]
[Black "Lalic, Bogdan"]
[Result "1/2-1/2"]
[ECO "B76"]
[WhiteElo "2621"]
[BlackElo "2411"]
[Annotator "RC"]
[PlyCount "88"]
[EventDate "2019.07.04"]
[EventType "swiss"]
[EventCountry "ESP"]
[SourceTitle "playchess.com"]
[Source "ChessBase"]
[SourceQuality "1"]
[TimeControl "5400+30"]

1. e4 c5 2. Nf3 d6 3. d4 cxd4 4. Nxd4 Nf6 5. Nc3 g6 6. Be3 Bg7 7. f3 Nc6 8. Qd2 O-O 9. O-O-O d5 10. exd5 Nxd5 11. Nxc6 bxc6 12. Bd4 Bxd4 13. Qxd4 Qb6 14. Na4 Qc7 15. g3 Bf5 16. Bc4 Rfd8 17. Bb3 Rd6 18. Rhe1 Rad8 19. Qe5 h5 20. a3 Qa5 21. Qe2 Be6 22. h4 Nc7 23. Bxe6 Rxd1+ 24. Rxd1 Rxd1+ 25. Qxd1 Nxe6 26. Nc3 Qe5 27. Qg1 c5 28. Qf2 Nd4 29. f4 Qf5 30. b4 cxb4 31. axb4 e5 32. Qd2 Qe6 33. Kb2 Qc4 34. Ne4 Nc6 35. Nf6+ Kg7 36. Nd5 a5 37. bxa5 Qb5+ 38. Kc1 Nxa5 39. fxe5 Qc5 40. Qd3 Nc4 41. c3 Qa3+ 42. Kc2 Qa2+ 43. Kc1 Qa3+ 44. Kc2 Qa2+ 1/2-1/2

[Event "XXXIX Benasque Open 2019"]
[Site "Benasque"]
[Date "2019.07.08"]
[Round "5.8"]
[White "Gines Esteo, Pedro Antonio"]
[Black "Bartel, Mateusz"]
[Result "0-1"]
[ECO "A06"]
[WhiteElo "2404"]
[BlackElo "2600"]
[Annotator "RC"]
[PlyCount "140"]
[EventDate "2019.07.04"]
[EventType "swiss"]
[EventCountry "ESP"]
[SourceTitle "playchess.com"]
[Source "ChessBase"]
[SourceQuality "1"]
[TimeControl "5400+30"]

1. Nf3 d5 2. b3 Bg4 3. Bb2 Bxf3 4. exf3 e6 5. f4 Nd7 6. g3 Ngf6 7. Bg2 g6 8. Qe2 c6 9. d3 Qa5+ 10. Qd2 Bb4 11. c3 Bd6 12. O-O O-O 13. c4 Qxd2 14. Nxd2 a5 15. a3 Rfc8 16. d4 Be7 17. Rfc1 Ne8 18. Rc2 a4 19. b4 dxc4 20. Nxc4 Nd6 21. Nxd6 Bxd6 22. Rac1 Nb6 23. Bf1 Rd8 24. Kg2 Bf8 25. Kf3 Rd5 26. Ke3 Rad8 27. Bg2 R5d7 28. Bf1 Nd5+ 29. Kf3 Nc7 30. Rd2 Bg7 31. Be2 Kf8 32. Ke3 Ke8 33. Rc5 Nd5+ 34. Kf3 Ne7 35. Ra5 b5 36. Ke4 Nf5 37. Ra6 Rd6 38. g4 Ne7 39. h3 f5+ 40. Ke3 Nd5+ 41. Kf3 Nc7 42. Rb6 Nd5 43. Rb7 R6d7 44. Rxd7 Kxd7 45. Rc2 fxg4+ 46. hxg4 Rf8 47. Kg3 Rxf4 48. Bf3 g5 49. Rd2 Bf8 50. Rd1 Bd6 51. Kg2 Rf6 52. Rh1 Nf4+ 53. Kf1 Nd3 54. Bxc6+ Kc8 55. Bxb5 Rxf2+ 56. Kg1 Rf3 57. Bxd3 Rxd3 58. Bc1 h6 59. Kf2 Bf8 60. Ke2 Rxd4 61. Rf1 Be7 62. Be3 Rxg4 63. Rf7 Bd6 64. b5 Bxa3 65. Ba7 Bd6 66. Rh7 a3 67. Rh8+ Kd7 68. Rh7+ Ke8 69. Rxh6 a2 70. Rh1 Ra4 0-1

[Event "XXXIX Benasque Open 2019"]
[Site "Benasque"]
[Date "2019.07.08"]
[Round "5.9"]
[White "Markus, Robert"]
[Black "Plazuelo Pascual, Juan"]
[Result "1/2-1/2"]
[ECO "A40"]
[WhiteElo "2595"]
[BlackElo "2403"]
[Annotator "ChessBase"]
[PlyCount "75"]
[EventDate "2019.07.04"]
[EventType "swiss"]
[EventCountry "ESP"]
[SourceTitle "playchess.com"]
[Source "ChessBase"]
[SourceQuality "1"]
[TimeControl "5400+30"]

1. d4 e6 2. c4 b6 3. e4 Bb4+ 4. Bd2 Bxd2+ 5. Qxd2 d5 6. cxd5 exd5 7. Bb5+ c6 8. Bd3 Ne7 9. Nc3 O-O 10. Nge2 Ba6 11. Bxa6 Nxa6 12. e5 Qd7 13. O-O c5 14. Nd1 Nc6 15. f4 f6 16. Nf2 fxe5 17. dxe5 Nc7 18. Ne4 d4 19. N2g3 Nd5 20. Rf3 Rad8 21. Nd6 Ne3 22. Nge4 Ne7 23. b4 N7d5 24. bxc5 Nxf4 25. Rxf4 Rxf4 26. Qxd4 Nxg2 27. Qd5+ Kh8 28. Ng5 Ne3 29. Ndf7+ Rxf7 30. Nxf7+ Kg8 31. Nh6+ Kh8 32. Qxd7 Rxd7 33. e6 Re7 34. Nf7+ Kg8 35. c6 Nd5 36. Ng5 h6 37. Rd1 Nc7 38. Rd8+ 1/2-1/2

[Event "XXXIX Benasque Open 2019"]
[Site "Benasque"]
[Date "2019.07.08"]
[Round "5.10"]
[White "Valmana Canto, Jaime"]
[Black "Rasmussen, Allan Stig"]
[Result "1/2-1/2"]
[ECO "B12"]
[WhiteElo "2401"]
[BlackElo "2569"]
[Annotator "ChessBase"]
[PlyCount "136"]
[EventDate "2019.07.04"]
[EventType "swiss"]
[EventCountry "ESP"]
[SourceTitle "playchess.com"]
[Source "ChessBase"]
[SourceQuality "1"]
[TimeControl "5400+30"]

1. e4 c6 2. d4 d5 3. e5 Bf5 4. h4 h5 5. c4 e6 6. Nc3 Ne7 7. Nge2 Nd7 8. Ng3 Bg6 9. Bg5 Qb6 10. Qd2 dxc4 11. Bxc4 O-O-O 12. O-O-O Nxe5 13. Na4 Qc7 14. Bf4 Nxc4 15. Bxc7 Nxd2 16. Bxd8 Nc4 17. Bxe7 Bxe7 18. Nc3 Rd8 19. Nce2 Bd6 20. Nf1 Be4 21. Rg1 Be7 22. Nfg3 Bg6 23. Nf4 Bxh4 24. Nxg6 fxg6 25. Rge1 Rf8 26. Ne4 Bxf2 27. Rf1 Be3+ 28. Kc2 Rd8 29. Kc3 Nb6 30. Nc5 e5 31. Ne6 Re8 32. Kd3 Nd5 33. Rf8 Rxf8 34. Nxf8 Bxd4 35. Rf1 Nf6 36. b3 c5 37. Nxg6 Kd7 38. Nh4 e4+ 39. Ke2 Ke6 40. Nf5 Nd5 41. Ng3 Nc3+ 42. Kd2 h4 43. Ne2 Nd5 44. Nf4+ Nxf4 45. Rxf4 e3+ 46. Ke2 g5 47. Rf8 b5 48. Rb8 b4 49. Kf3 a5 50. Ra8 Kf5 51. Rf8+ Kg6 52. Ra8 Kh5 53. Rxa5 g4+ 54. Ke2 h3 55. gxh3 gxh3 56. Ra7 Kg6 57. Ra6+ Bf6 58. Rd6 h2 59. Rd1 Kf5 60. Kxe3 Bd4+ 61. Kf3 Ke5 62. Kg2 Bg1 63. Rd3 Ke4 64. Rh3 Kf4 65. Rf3+ Ke4 66. Rh3 Kf4 67. Kf1 Kg4 68. Kg2 Kf4 1/2-1/2

[Event "XXXIX Benasque Open 2019"]
[Site "Benasque"]
[Date "2019.07.09"]
[Round "6.1"]
[White "Indjic, Aleksandar"]
[Black "Ter-Sahakyan, Samvel"]
[Result "1-0"]
[ECO "A28"]
[WhiteElo "2604"]
[BlackElo "2625"]
[Annotator "RC"]
[PlyCount "85"]
[EventDate "2019.07.04"]
[EventType "swiss"]
[EventCountry "ESP"]
[SourceTitle "playchess.com"]
[Source "ChessBase"]
[SourceQuality "1"]
[TimeControl "5400+30"]

1. c4 e5 2. Nc3 Nf6 3. Nf3 Nc6 4. e4 Bb4 5. d3 d6 6. a3 Bc5 7. b4 Bb6 8. Na4 Bg4 9. Nxb6 axb6 10. Bb2 O-O 11. Be2 Re8 12. O-O Nd7 13. Nd4 Nxd4 14. Bxg4 Nf6 15. Bh3 c5 16. Bxd4 cxd4 17. g3 h5 18. a4 h4 19. f4 Qe7 20. Rf2 hxg3 21. hxg3 Ra7 22. Kg2 Rea8 23. Qb3 Qe8 24. b5 Qe7 25. Qb4 Qc7 26. Bf5 Qc5 27. Qb3 Kf8 28. Bh3 Ke7 29. Qd1 Rh8 30. fxe5 dxe5 31. Qd2 Raa8 32. a5 bxa5 33. Rxa5 Rxa5 34. Qxa5 Nh7 35. Ra2 Ng5 36. Bg4 Kd6 37. Qd2 f6 38. Ra5 Kc7 39. Qa2 Qb4 40. b6+ Qxb6 41. Qa3 Rd8 42. Rb5 Qd6 43. Rc5+ 1-0

[Event "XXXIX Benasque Open 2019"]
[Site "Benasque"]
[Date "2019.07.09"]
[Round "6.3"]
[White "Bartel, Mateusz"]
[Black "Admiraal, Miguoel"]
[Result "1/2-1/2"]
[ECO "B12"]
[WhiteElo "2600"]
[BlackElo "2504"]
[Annotator "RC"]
[PlyCount "47"]
[EventDate "2019.07.04"]
[EventType "swiss"]
[EventCountry "ESP"]
[SourceTitle "playchess.com"]
[Source "ChessBase"]
[SourceQuality "1"]
[TimeControl "5400+30"]

1. e4 c6 2. d4 d5 3. e5 Bf5 4. Nf3 e6 5. Be2 c5 6. Be3 Qb6 7. Nc3 Nc6 8. Na4 Qa5+ 9. c3 c4 10. Nh4 b5 11. Nxf5 exf5 12. Nc5 Bxc5 13. dxc5 Nge7 14. O-O b4 15. Qc2 O-O 16. f4 Rab8 17. Bf3 bxc3 18. Qxc3 Qb5 19. Rf2 Rfd8 20. Rd2 h6 21. Rad1 Qa4 22. Ra1 Qb5 23. Rad1 Qa4 24. Ra1 1/2-1/2